 Dungeon Crawl Stone Soup version 0.18.1-48-g4cf74bf (webtiles) character file.

252 tyranidshit the Skirmisher (level 5, -1/47 HPs)
             Began as a Demonspawn Abyssal Knight on Sept 8, 2016.
             Was a Priest of Lugonu.
             Succumbed to a worker ant's poison
             ... on level 3 of the Dungeon.
             The game lasted 00:06:57 (2269 turns).

tyranidshit the Skirmisher (DsAK)                   Turns: 2269, Time: 00:06:58

Health: -1/47      AC:  7    Str: 14      XL:     5   Next: 89%
Magic:  6/6        EV:  9    Int: 12 (13) God:    Lugonu [***...]
Gold:   143        SH:  0    Dex: 10 (12) Spells: 0 memorised, 4 levels left

rFire  . . .     SeeInvis .     a - +1 hand axe
rCold  . . .     Gourm    .     p - +1 scale mail
rNeg   . . .     Faith    .     (no shield)
rPois  .         Spirit   .     (no helmet)
rElec  .         Dismiss  .     (no cloak)
rCorr  .         Reflect  .     (no gloves)
SustAt .         Harm     .     (no boots)
MR     .....                    (no amulet)
Stlth  +.........               (no ring)
                                (no ring)

@: lethally poisoned (-1 -> -14), not resistant to hostile enchantments, very
unstealthy
A: claws 2, nightstalker 1
a: Depart the Abyss, Bend Space, Banish, Renounce Religion


You were on level 3 of the Dungeon.
You worshipped Lugonu.
Lugonu was most pleased with you.
You were not hungry.

You visited 1 branch of the dungeon, and saw 4 of its levels.
You visited the Abyss 1 time.

You collected 143 gold pieces.

Inventory:

Hand Weapons
 a - a +1 hand axe (weapon)
Armour
 b - a +0 leather armour
 p - a +1 scale mail (worn)
Jewellery
 h - an uncursed ring of ice
 n - an uncursed ring of ice
Wands
 i - a wand of disintegration (0/24)
 j - a wand of lightning (2/15)
 m - a wand of acid (11/15)
 q - a wand of slowing (27/48)
Scrolls
 e - 2 scrolls of identify
 f - a scroll of remove curse
 g - a scroll of immolation
Potions
 d - a potion of agility
Comestibles
 c - 2 bread rations
 k - 2 meat rations
 l - a royal jelly


   Skills:
 + Level 6.5 Fighting
 - Level 2.0 Axes
 - Level 1.9 Armour
 - Level 0.8 Dodging
 - Level 2.6 Invocations


You had 4 spell levels left.
You didn't know any spells.

Dungeon Overview and Level Annotations

Branches:
Dungeon (4/15)
 Temple: D:4-7

Altars:


Innate Abilities, Weirdness & Mutations

You have very sharp fingernails.
You are slightly more attuned to the shadows.


Message History

You barely miss the worker ant.
The worker ant is almost dead.
* * * LOW HITPOINT WARNING * * *
You feel sick. The worker ant barely misses you.
You barely miss the worker ant.
The worker ant is almost dead.
* * * LOW HITPOINT WARNING * * *
You feel sick. The worker ant bites you.
* * * LOW HITPOINT WARNING * * *
The worker ant bites you but does no damage.
You hit the worker ant but do no damage.
The worker ant is almost dead.
* * * LOW HITPOINT WARNING * * *
You feel sick. The worker ant bites you.
* * * LOW HITPOINT WARNING * * *
You are more poisoned.
The worker ant poisons you!
You closely miss the worker ant.
The worker ant is almost dead.
You die...

#.......[.........#..#...########
#....############.#.###..........
#....................#...######.#
################).######## #.#
#..# #####.# #..# #....†. #..#
####... #..# #... ######@a# ##.#
#......## #####.. #......##
#...).# #...#...####+# ##.....#
##.#_#.......#.######.#
#..#..........# #.#
#..........### #.# ######.....#
#.# ###.### ### #.#


You could see a worker ant.

Vanquished Creatures
  The ghost of Xelenos the Sneak, an amateur HaAs of Fedhas (D:3)
  A worker ant (D:4)
  2 adders (D:3)
  An ooze (D:2)
  A worm (D:3)
  3 dart slugs
  4 giant geckos
  2 orcs (D:3)
  A ball python (D:3)
  6 bats
  3 giant cockroaches
  5 goblins
  9 hobgoblins
  8 jackals
  3 quokkas
  5 giant newts
  8 kobolds
  2 rats (D:1)
65 creatures vanquished.

Notes
Turn   | Place    | Note
--------------------------------------------------------------
     0 | Abyss:1  | tyranidshit the Demonspawn Abyssal Knight began the quest for the Orb.
     0 | Abyss:1  | Reached XP level 1. HP: 18/18 MP: 2/2
    83 | D:1      | Escaped the Abyss
   202 | D:1      | Gained mutation: You have sharp fingernails. [demonic ancestry]
   202 | D:1      | Reached XP level 2. HP: 19/24 MP: 3/3
   338 | D:1      | Reached ** piety under Lugonu
   664 | D:1      | Gained mutation: You are slightly more attuned to the shadows. [demonic ancestry]
   664 | D:1      | Reached XP level 3. HP: 30/30 MP: 4/4
   762 | D:1      | Reached skill level 4 in Fighting
  1703 | D:3      | Gained mutation: You have very sharp fingernails. [demonic ancestry]
  1703 | D:3      | Reached XP level 4. HP: 30/38 MP: 5/5
  1718 | D:3      | Reached *** piety under Lugonu
  1873 | D:3      | Noticed Xelenos's ghost (amateur HaAs)
  1882 | D:3      | Killed Xelenos's ghost
  1882 | D:3      | Reached skill level 6 in Fighting
  1882 | D:3      | Reached XP level 5. HP: 43/46 MP: 6/6
  2184 | D:3      | Found a faded altar to an unknown god.
  2246 | D:4      | Noticed an ogre
  2267 | D:3      | HP: 2/47 [worker ant (1)]
  2269 | D:3      | Succumbed to a worker ant's poison

Skill      XL: |  1  2  3  4 |
---------------+-------------+-----
Axes           | 2 |  2.0
Fighting       | 4 6 |  6.5
Armour         | |  1.9
Dodging        | |  0.8
Invocations    | |  2.6

Action                   |  1- 3 |  4- 6 || total
-------------------------+-------+-------++-------
Melee: Hand axe          |   144 |    98 ||   242
Evoke: Wand              |       |     7 ||     7
  Use: Scroll            |     6 |     2 ||     8
       Potion            |     4 |     2 ||     6
 Stab: Sleeping          |     3 |       ||     3
  Eat: Bread ration      |     1 |       ||     1
Armor: Leather armour    |    34 |       ||    34
       Scale mail        |    21 |    48 ||    69
Dodge: Dodged            |    95 |    58 ||   153
